 Dungeon Crawl Stone Soup version 0.28.0 (webtiles) character file.

Game seed: 2094206686324280361

91 Nonny the Skirmisher (level 4, -4/24 HPs)
             Began as a Vine Stalker Fighter on Feb 7, 2022.
             Killed from afar by Natasha (9 damage)
             ... with a magic dart
             ... on level 2 of the Dungeon.
             The game lasted 00:10:50 (1389 turns).

Nonny the Skirmisher (Vine Stalker Fighter)         Turns: 1389, Time: 00:10:50

Health: -4/24      AC:  7    Str: 21    XL:     4   Next: 59%
Magic:  0/5        EV:  9    Int:  8    God:
Gold:   103        SH:  4    Dex: 13    Spells: 3/3 levels left

rFire   . . .      SeeInvis .   a - +0 long sword
rCold   . . .      Faith    .   c - +0 buckler
rNeg    . . .      Spirit   +   b - +0 scale mail
rPois   .          Reflect  .   (no helmet)
rElec   .          Harm     .   h - +0 cloak
rCorr   .          Rampage  .   (no gloves)
Will    .....                   (no boots)
Stlth   ..........              (no amulet)
HPRegen 0.88/turn               (no ring)
MPRegen 0.09/turn               (no ring)

@: hasted, very quick
A: fangs 2, regeneration 1, magic shield, antimagic bite, no potion heal 2
a: no special abilities


You were on level 2 of the Dungeon.
You visited 1 branch of the dungeon, and saw 2 of its levels.

You collected 103 gold pieces.

Inventory:

Hand Weapons
 a - a +0 long sword (weapon)
Missiles
 f - 3 boomerangs of dispersal
 g - 2 poisoned darts (quivered)
Armour
 b - a +0 scale mail (worn)
 c - a +0 buckler (worn)
 h - a +0 cloak (worn)
Potions
 d - a potion of might
 e - 2 potions of attraction
 j - a potion of haste
 l - a potion of brilliance {unknown}


   Skills:
 + Level 3.2 Fighting
 + Level 2.9 Long Blades
 + Level 2.9 Armour
 + Level 3.1 Shields


You had 3 spell levels left.
You didn't know any spells.
Your spell library contained the following spells:

 Spells                   Type           Power      Damage    Failure   Level
 Borgnjor's Revivificati  Necr           0%         N/A       100%        8
 Necromutation            Tmut/Necr      0%         N/A       100%        8
 Death's Door             Necr           0%         N/A       100%        9


Dungeon Overview and Level Annotations

Branches:
Dungeon (2/15)

Altars:

Annotations:
D:2 Natasha


Innate Abilities, Weirdness & Mutations

You have extremely sharp teeth.
Your natural rate of healing is unusually fast.
When hurt, damage is shared between your health and your magic reserves.
Your bite disrupts and absorbs the magic of your enemies.
Potions cannot restore your health.


Message History

The crimson imp barely misses you. Natasha claws you. The crimson imp hits you.
You hit Natasha. You bite Natasha, but do no damage.
Natasha is heavily wounded.
Natasha stares at you and mumbles some strange words.
You feel yourself slow down. You block the crimson imp's attack.
You barely miss Natasha.
Natasha is heavily wounded.
Natasha claws you. The crimson imp closely misses you.
You block Natasha's attack. The crimson imp barely misses you.
You hit Natasha. Your bite misses Natasha.
Natasha is almost dead.
Natasha casts a spell at you. The magic dart hits you.
The crimson imp closely misses you. Natasha casts a spell at you.
The magic dart hits you.
* * * LOW HITPOINT WARNING * * *
The crimson imp hits you but does no damage.
The crimson imp shouts, "Bolt, thou dissembling nut-hook clotpole!"
Natasha claws you.
* * * LOW HITPOINT WARNING * * *
The crimson imp blinks!
Natasha zaps a wand.
The puff of flame hits you.
* * * LOW HITPOINT WARNING * * *
Natasha zaps a wand.
The puff of flame hits you.
* * * LOW HITPOINT WARNING * * *
As you read the scroll labelled RYTAQE CYEPEO, it crumbles to dust.
You feel momentarily disoriented.
It was a scroll of magic mapping.
Natasha barely misses you.
As you read the scroll labelled LEACEG XUNYB, it crumbles to dust.
You hear a loud clanging noise!
It was a scroll of noise.
Natasha mumbles some strange words.
Natasha zaps a wand.
The puff of flame hits you.
* * * LOW HITPOINT WARNING * * *
It was a potion of haste.
You feel yourself speed up.
You feel yourself speed up.
Natasha zaps a wand.
The puff of flame misses you.
The crimson imp disappears in a puff of smoke!
Natasha stares at you and mumbles some strange words.
The magic dart hits you!
You die...

...................).............
...............>.######.....#.###
..............>#.#####..#####..#
...............#..##...## ##.#
...............##....### #.#
#................###.#### #.#
##.....#.....###........######.#
###################........##.#
#######§h.@....###.##..#.#
#.....#5######## #.###...##
#.......# #.# ##...# #.....###
######.#####...
#.....#######..............
#.....##......#######..##.#
######...#############.##.#
#####.### ##.....#....# #.....#
##.......##...


You could see Natasha and a crimson imp (summoned).

Vanquished Creatures
  Terence (D:2)
  Natasha (D:2)
  A dart slug (D:2)
  4 endoplasms
  A giant cockroach (D:2)
  2 goblins
  5 hobgoblins
  2 jackals (D:1)
  3 kobolds
  2 quokkas (D:1)
  5 ball pythons
  4 bats
  2 frilled lizards (D:2)
  2 rats
35 creatures vanquished.

Notes
Turn   | Place    | Note
-------+----------+-------------------------------------------
     0 | D:1      | Nonny the Vine Stalker Fighter began the quest for the Orb.
     0 | D:1      | Reached XP level 1. HP: 11/11 MP: 2/2
    59 | D:1      | Starting vault: little stone wall chamber with two statues,
                  | some trees outside.
   115 | D:1      | Reached XP level 2. HP: 14/16 MP: 3/3
   330 | D:1      | Southeast has looping but otherwise useless hallway.
   405 | D:1      | Adjacent hallway of the southern edge has kobold and ball
                  | python.
   509 | D:1      | Found a faded altar of an unknown god.
   519 | D:1      | cloak
   609 | D:1      | Southwestern hallway is empty beyond hobgoblin.
   753 | D:1      | AHUQAFO FASYICH - identify
   753 | D:1      | coppery potion - attraction
   791 | D:2      | 3 boomerangs of dispersal
   804 | D:2      | +2 hand axe of electrocution
   809 | D:2      | Noticed Terence
   819 | D:2      | Killed Terence
   820 | D:2      | Reached XP level 3. HP: 10/20 MP: 2/4
   942 | D:2      | +1 vampiric spear
  1039 | D:2      | Gained mutation: Your natural rate of healing is unusually
                  | fast. [Vine Stalker growth]
  1039 | D:2      | Reached XP level 4. HP: 23/24 MP: 5/5
  1180 | D:2      | Noticed Natasha
  1211 | D:2      | Killed Natasha
  1234 | D:2      | Necronomicon
  1370 | D:2      | Noticed Natasha
  1389 | D:2      | Killed from afar by Natasha

Illustrated notes ....#. .# ##...#.#.# .....!#### #......... .......... ...>...#.# #......... #......#.###......... #. ................... #.### ###.##..#.###......... #.#.. #..................... #.#.. ######.#.....@# #.#.. #..####### #.#.. #..# #.... #..# ###### #.)# #..# #<...# #..# #..# #....# #..# #..### #.88.# #####..# #....♣♣♣♣#....#♣♣......# #.#......##''##♣....##.# Turn 59 on D:1: Starting vault: little stone wall chamber with two statues, some trees outside. ... ...#........# .#.#.#..........# .# #.#.#........# .# # #.#........## #.#..####...# #....####...########### ......................# ?..(...........######.# ...........@##.# #.# ######...##.# #.# #...##.# #.# #...##.# #.# #...##.# #.# #...##.# #.# #...##.# #.# ##.###.# #.# #.# #.# Turn 330 on D:1: Southeast has looping but otherwise useless hallway. ...########. #..........# #..........# #..........# #........... #..........# #..........# #.# #@# #.# #.# #.# #.# #.# #.################ #................. ################## Turn 405 on D:1: Adjacent hallway of the southern edge has kobold and ball python. #..# #... #..### #.88 #....♣♣♣♣#... #.#......##'' ............... ## ########.......... .. #.#...#........... ?.#.#.#(#.#.#....####.## ..P..P.@...P.....####^#. ..#.#.#P#.#.#.........#. .P #_#.P.#.........#. #. #P#.#.#.........#. .. P.PP............#. .. #P#.#.#.........#. . #.#.P.#.......#.#. .. ########......#.## .#.. .........####### Turn 519 on D:1: cloak #####.#.................# #....########.......# #.#..........#......# ###..........#....... #..........#....... #.................. #..........####.... #..........# ##### ##@#.####### #.#†# #†#.# #.#.# #.#.# #.#.# #.#.# #.#.############## #.#............... Turn 609 on D:1: Southwestern hallway is empty beyond hobgoblin.

.....##.######.#....##.########
...............#..............#
......#.###########.##.#......#
......#................#......###
.##.#.#########.#.#.#..+.........
.##.#.# #......#.#.##......###
###.#.# #.##...#.#.##......### #
#.#.######.#................... #
#.#.#.........@...#.###....†... #
#.#.#.....##......#.###........
###.#.....[......................
##......#######.##..#.###........
##......# #....................
##......# #######.#......######
##......# #..####### ##......##
#..# ##.......## #..# ######


Turn 753 on D:1: AHUQAFO FASYICH - identify #.. #.# #.# ##.### #....#####
#........ #....# #@##.######### .####...........). .........##..#####
.......#.###..# #.####.#.# ##.## # #.#.####..##### #.......#.....####
###...#..#........ ###.##.......... Turn 791 on D:2: 3 boomerangs of dispersal
#.. #.# #.# ##.### #....####### #.......... #....# #.##.############...
.####...........@.....# ........##..########### ......#.###..# .####.#.# ##.##
#.#.####..##### #.......#.....#### ###...#..#........ ###.##..........
#.####........ Turn 804 on D:2: +2 hand axe of electrocution #.## .####...
......... .......#. ##.####.#. #######.## #.#. ##.....#.. #... ##.$.....##..
###. #..@......#.. ## #............ ####............ ...............
####.........####### #..........†....# #.........#####<#### #.........# #.....
#.........# ###### Turn 942 on D:2: +1 vampiric spear ############.#
##.....#......# ##.............## #...............#### #...................
#...............>.## #..............>#.## #...............#..#
#..@............##.. ##................## ##.....#.....###... ##################
#######...... #.....#.##### #.......# #.....### # #.....####### Turn 1234 on
D:2: Necronomicon

Levels and vault maps discovered:
D:1:      sevenhm_arrival_forest_fort_small_6, layout_basic,
          shapermc_ecumenical_altar_mp_urbaneastern
D:2:      layout_rooms, uniq_natasha, uniq_terence

Skill      XL: |  1  2 |
---------------+-------+-----
Long Blades    | 2 |  2.9
Fighting       | 3 |  3.2
Shields        | 3 |  3.1
Armour         | |  2.9

Action                   |  1- 3 |  4- 6 || total
-------------------------+-------+-------++-------
Melee: Long sword        |    75 |    39 ||   114
       Bite              |    16 |     6 ||    22
  Use: Scroll            |     1 |     2 ||     3
       Potion            |       |     1 ||     1
Armor: Scale mail        |    28 |    23 ||    51
Dodge: Dodged            |    41 |    21 ||    62
Block: Buckler           |    13 |    21 ||    34
